 Dungeon Crawl Stone Soup version 0.30.0-29-ga12c61a403 (webtiles) character file.

Game seed: 5034464245264402280

23 monsoonserge the Trooper (level 2, 0/24 HPs)
             Began as a Demonspawn Monk on June 5, 2023.
             Killed from afar by Sigmund (6 damage)
             ... with a puff of flame
             ... on level 2 of the Dungeon.
             The game lasted 00:03:06 (1249 turns).

monsoonserge the Trooper (Demonspawn Monk)          Turns: 1249, Time: 00:03:06

Health: 0/24       AC:  3    Str: 17    XL:     2   Next: 75%
Magic:  2/2        EV: 13    Int: 11    God:
Gold:   34         SH:  0    Dex: 15    Spells: 1/1 levels left

rFire   . . .        r - +1 spear "Coygife" {freeze, SInv}
rCold   . . .        d - orb {light}
rNeg    . . .        b - +0 robe
rPois   .            n - +1 hat
rElec   .            (no cloak)
rCorr   .            (no gloves)
SInv    +            (no boots)
Will    .....        (no amulet)
Stlth   +            h - +6 ring of strength
HPRegen 0.24/turn    (no ring)
MPRegen 0.08/turn

%: no passive effects
@: confused, mighty, glowing
A: powered by pain 1
a: no special abilities


You were on level 2 of the Dungeon.
You visited 1 branch of the dungeon, and saw 2 of its levels.

You collected 34 gold pieces.

Inventory:

Hand Weapons
 a - a +0 falchion
 r - the +1 spear "Coygife" (weapon) {freeze, SInv}
   (You found it on level 2 of the Dungeon)

   SInv:      It lets you see invisible.
Missiles
 q - 6 poisoned darts (quivered)
Armour
 b - a +0 robe (worn)
 d - an orb of light (worn)
 m - a +0 plate armour
 n - a +1 hat (worn)
Magical Staves
 k - a staff of death
Jewellery
 h - a +6 ring of strength (left hand)
 p - a ring of ice
Scrolls
 e - a scroll of brand weapon {unknown}
 f - 2 scrolls of teleportation {unknown}
 i - 2 scrolls of fear {unknown}
 l - a scroll of vulnerability {unknown}
 o - a scroll of poison {unknown}
Potions
 c - a potion of ambrosia
 g - 2 potions of haste {unknown}
 j - 3 potions of curing {unknown}
 s - a potion of lignification {unknown}


   Skills:
 + Level 3.2 Fighting
 + Level 3.0 Long Blades
 + Level 3.2 Dodging


You had one spell level left.
You didn't know any spells.
Your spell library was empty.

Dungeon Overview and Level Annotations

Branches:
Dungeon (2/15)

Altars:
Ru

Annotations:
D:2 Sigmund


Innate Abilities, Weirdness & Mutations

You sometimes gain a little power by taking damage.


Message History

The kobold throws a stone.
The stone closely misses you.
Found a spear.
The kobold throws a stone.
The stone barely misses you.
A kobold comes into view. It is wielding a +0 whip.
Found an escape hatch in the floor.
The kobold shouts!
You hit the kobold. You freeze the kobold.
You kill the kobold!
Your Long Blades skill increases to level 3!
Things that are here:
a +0 dagger; 4 stones Sigmund points at you and mumbles some strange words.
The magic dart hits you. The kobold hits you but does no damage.
The kobold attacks as you move away! The kobold hits you with a +0 whip.
Sigmund gestures at you while chanting. The puff of flame hits you!
Ouch! That really hurt!
* * * LOW HITPOINT WARNING * * *
You focus on the pain.
You feel very mighty all of a sudden.
You see here 3 stones.
Reach: r) +1 spear "Coygife" {freeze, SInv}
Press: ? - help, Dir - move target, f - kobold
Aim: a kobold, wielding a +0 whip (haloed, about 27% to evade the +1 spear "Coygife")
You barely miss the kobold. The kobold hits you with a +0 whip.
* * * LOW HITPOINT WARNING * * *
Reach: r) +1 spear "Coygife" {freeze, SInv}
Press: ? - help, Dir - move target, f/p - kobold
Aim: a kobold, wielding a +0 whip (haloed, about 27% to evade the +1 spear "Coygife")
You closely miss the kobold. The kobold barely misses you.
Reach: r) +1 spear "Coygife" {freeze, SInv}
Press: ? - help, Dir - move target, f/p - kobold
Aim: a kobold, wielding a +0 whip (haloed, about 27% to evade the +1 spear "Coygife")
You puncture the kobold! You freeze the kobold.
You kill the kobold!
Sigmund points at you and mumbles some strange words.
You are confused.
You bump into the rock wall.
Sigmund casts a spell at you. The puff of flame hits you.
You die...

#.# #.## .. #.# #.#
. #.# #.# #.# .#
#.# #.# #.# # ###>#
#.# #.# ..)# #.#
#.# #.###.# #.#
####.....########.#
#.......@)(@......#
.#
#.##.###.##########
.. #)# #.# .# #.#
#.# .# #@# #.# .#
#.# #.# .# ##~###.#
.#######.≈≈##.#
....@...≈.≈≈..#


You could see Sigmund.

Vanquished Creatures
  An adder (D:2)
  A hobgoblin (D:2)
  3 kobolds
  A quokka (D:1)
  A ball python (D:1)
  5 bats
  2 frilled lizards (D:1)
  4 rats (D:1)
18 creatures vanquished.

Notes
Turn   | Place    | Note
-------+----------+-------------------------------------------
     0 | D:1      | monsoonserge the Demonspawn Monk began the quest for the
                  | Orb.
     0 | D:1      | Reached XP level 1. HP: 18/18 MP: 1/1
   740 | D:1      | Gained mutation: You sometimes gain a little power by
                  | taking damage. [demonic ancestry]
   740 | D:1      | Reached XP level 2. HP: 24/24 MP: 2/2
   909 | D:2      | Noticed Sigmund
  1094 | D:2      | Identified the +1 spear "Coygife" {freeze, SInv}
  1138 | D:2      | Found a sacrificial altar of Ru.
  1249 | D:2      | Killed from afar by Sigmund

Illustrated notes

Levels and vault maps discovered:
D:1:      tarquinn_simple_flora_water_d, layout_basic, st_stairs_11,
          hangedman_decor_push
D:2:      layout_loops_ring, basic_altar, serial_rivers,
          chequers_serial_rivers_room_a, chequers_serial_rivers_small_b,
          chequers_serial_rivers_room_a, chequers_serial_rivers_large_a,
          uniq_sigmund

Skill      XL: |  1  2 |
---------------+-------+-----
Dodging        | 3 |  3.2
Long Blades    | 3 |  3.0
Fighting       | |  3.2

Action                     || total
---------------------------++-------
  Melee: Falchion          ||    41
         Spear             ||     8
 Armour: Robe              ||    10
  Dodge: Dodged            ||    38
